AoeStats
← titanus-3

Black Forest

506388978Analyzed
3v3 RM · 17d ago on Sep 13, 2026· 69m 38s· 6 players
Game mode
Random Map
Map size
Normal (6 player)
Population
200
Speed
Normal
Resources
Standard
Victory
Conquest
Starting age
Dark Age
Ending age
Imperial Age
RankedLock teamsTeams togetherTeam positionsShared explorationLock speedFull tech treeHidden civsTurbo modeCheats
Victory
Defeat
🇩🇪 Ethiopians · Germany
1232
+10
🇩🇪 Mongols · Germany
1232
+10
🇩🇪 Teutons · Germany
1063
+18
🇪🇸 Japanese · Spain
1167
-15
🇳🇱 Goths · Netherlands
1101
-21
🇬🇧 Cumans · United Kingdom
1030
-10
WOUTER
1:19 Loom
10:16 Feudal Age
10:45 Double-Bit Axe
10:50 Horse Collar
12:35 Man-at-Arms
14:20 Town Watch
16:34 Forging
16:25 Scale Mail Armor
17:10 Wheelbarrow
24:00 Castle Age
23:27 Gold Mining
23:30 Stone Mining
24:33 Long Swordsman
25:50 Iron Casting
25:31 Chain Mail Armor
28:41 Scale Barding Armor
30:53 Fletching
32:38 Stone Shaft Mining
33:01 Hand Cart
33:18 Heavy Plow
35:20 Bow Saw
37:34 Pikeman
38:15 Squires
42:16 Imperial Age
43:40 Coinage
45:49 Conscription
46:34 Blast Furnace
45:30 Bodkin Arrow
46:22 Perfusion
46:43 Elite Huskarl
47:23 Halberdier
48:08 Anarchy
48:22 Caravan
51:48 Bracer
54:51 Crop Rotation
55:25 Two-Man Saw
54:51 Ballistics
54:43 Masonry
54:29 Murder Holes
56:54 Architecture
StuRat
10:42 Feudal Age
12:07 Horse Collar
14:29 Double-Bit Axe
21:30 Castle Age
21:45 Scale Barding Armor
21:54 Gold Mining
22:41 Bow Saw
22:32 Heavy Plow
23:12 Wheelbarrow
22:23 Loom
24:36 Padded Archer Armor
27:55 Imperial Age
25:18 Fletching
25:44 Leather Archer Armor
26:47 Chain Barding Armor
26:38 Forging
27:27 Bloodlines
27:24 Stone Mining
29:28 Elite Steppe Lancer
30:52 Plate Barding Armor
31:21 Gold Shaft Mining
32:17 Iron Casting
33:16 Two-Man Saw
32:53 Capped Ram
34:31 Bodkin Arrow
34:05 Siege Ram
35:23 Caravan
36:53 Crop Rotation
37:50 Blast Furnace
43:05 Conscription
42:51 Steppe Husbandry
43:44 Ballistics
44:24 Chemistry
43:57 Ring Archer Armor
43:00 Elite Kipchak
44:04 Light Cavalry
46:42 Masonry
47:14 Hoardings
47:43 Cuman Mercenaries
48:11 Hussar
Cassalleta
11:02 Feudal Age
14:48 Castle Age
12:51 Double-Bit Axe
13:08 Horse Collar
17:19 Bow Saw
18:27 Heavy Plow
23:03 Wheelbarrow
24:39 Hand Cart
25:12 Gold Mining
28:26 Imperial Age
26:06 Loom
27:56 Forging
27:46 Scale Mail Armor
27:47 Padded Archer Armor
28:00 Masonry
27:30 Treadmill Crane
27:46 Murder Holes
28:13 Fletching
28:48 Ballistics
29:02 Guard Tower
29:51 Iron Casting
30:23 Two-Man Saw
30:52 Chemistry
29:38 Arrowslits
30:20 Chain Mail Armor
30:35 Conscription
30:49 Squires
30:09 Pikeman
30:47 Bodkin Arrow
31:08 Leather Archer Armor
31:50 Keep
31:14 Arson
30:49 Halberdier
31:53 Yasama
31:53 Elite Samurai
32:53 Town Watch
34:08 Town Patrol
35:09 Plate Mail Armor
35:39 Blast Furnace
35:10 Ring Archer Armor
34:44 Bracer
35:44 Siege Engineers
36:53 Ring Archer Armor
36:08 Capped Ram
43:38 Kataparuto
47:37 Elite Skirmisher
54:30 Caravan
55:00 Coinage
61:51 Onager
titanus-3
0:54 Loom
13:28 Feudal Age
18:55 Castle Age
16:43 Double-Bit Axe
17:00 Horse Collar
20:26 Wheelbarrow
25:22 Gold Mining
25:24 Stone Mining
29:01 Hand Cart
29:29 Caravan
31:22 Fortified Wall
32:18 Town Watch
32:36 Heavy Plow
32:51 Forging
32:41 Scale Mail Armor
36:18 Imperial Age
35:50 Stone Shaft Mining
36:27 Ironclad
36:26 Pikeman
37:09 Squires
37:04 Onager
38:57 Iron Casting
38:37 Chain Mail Armor
38:21 Halberdier
41:46 Crenellations
48:19 Chemistry
70:20 Coinage
tenshi
11:42 Feudal Age
12:47 Double-Bit Axe
12:45 Horse Collar
15:23 Castle Age
16:52 Bow Saw
16:45 Heavy Plow
19:07 Loom
22:38 Wheelbarrow
22:25 Stone Mining
22:55 Gold Mining
24:53 Gold Shaft Mining
25:45 Hand Cart
29:30 Imperial Age
27:24 Ballistics
27:00 Fletching
27:35 Bodkin Arrow
28:17 Padded Archer Armor
29:15 Leather Archer Armor
29:14 Thumb Ring
29:43 Husbandry
29:50 Elite Mangudai
30:44 Bracer
31:48 Chemistry
31:11 Conscription
31:23 Parthian Tactics
31:15 Bloodlines
33:59 Caravan
44:46 Hoardings
47:17 Siege Engineers
47:24 Masonry
47:10 Murder Holes
49:13 Drill
49:06 Heavy Scorpion
54:23 Onager
55:10 Town Watch
55:38 Fortified Wall
56:20 Siege Onager
Antillis
0:30 Loom
13:05 Feudal Age
19:10 Castle Age
17:46 Double-Bit Axe
17:44 Horse Collar
31:36 Bow Saw
31:27 Heavy Plow
32:09 Wheelbarrow
39:05 Imperial Age
39:44 Halberdier
42:14 Forging
42:10 Scale Barding Armor
42:07 Scale Mail Armor
46:14 Iron Casting
45:55 Chain Mail Armor
45:55 Squires
46:59 Gold Mining
47:01 Stone Mining
50:36 Torsion Engines
50:00 Onager
51:46 Chemistry
55:25 Heavy Scorpion
57:02 Plate Mail Armor
57:33 Blast Furnace
57:17 Ballistics
60:13 Elite Shotel Warrior
61:17 Siege Engineers
Connection lost

Rejoining the realm…

Still unreachable

The connection could not be restored.

Session expired

The server has moved on; the page needs a fresh start.